 Dungeon Crawl Stone Soup version 0.29.0-7-g18a832c13a (webtiles) character file.

Game seed: 8983488290063779240

178 ProzacElf the Ducker (level 5, -1/40 HPs)
             Began as a Djinni Chaos Knight on Aug 30, 2022.
             Was a Plaything of Xom.
             Slain by a necrophage (6 damage)
             ... on level 3 of the Dungeon.
             The game lasted 00:05:00 (3538 turns).

ProzacElf the Ducker (Djinni Chaos Knight)          Turns: 3538, Time: 00:05:00

Health: -1/40      AC:  5    Str: 11    XL:     5   Next: 89%
Gold:   111        EV: 13    Int: 13    God:    Xom [..*...] SH:  0 Dex: 15

rFire   + . .      SeeInvis .   a - +0 falchion (chaos)
rCold   . . .      Faith    .   (no shield)
rNeg    . . .      Spirit   .   n - +2 leather armour
rPois   ∞          Reflect  .   (no helmet)
rElec   .          Harm     .   (no cloak)
rCorr   .          Rampage  .   (no gloves)
Will    .....                   (boots unavailable)
Stlth   +.........              l - amulet of the acrobat
HPRegen 0.13/turn               r - ring of ice
MPRegen 0.00/turn               (no ring)

@: flying
A: sickness immunity, fire resistance 2, cold vulnerability 1, float, innate
caster, HP casting, extra vitality 1
a: Renounce Religion


You were on level 3 of the Dungeon.
You worshipped Xom.
You were a toy of Xom.
You visited 1 branch of the dungeon, and saw 4 of its levels.

You collected 111 gold pieces.

Inventory:

Hand Weapons
 a - a +0 falchion of chaos (weapon)
 b - a +1 dagger of electrocution
 d - a +0 sling
Armour
 h - a +0 ring mail
 n - a +2 leather armour (worn)
Magical Staves
 k - a staff of poison
Jewellery
 l - an amulet of the acrobat (around neck)
 r - a ring of ice (left hand)
Scrolls
 e - 7 scrolls of identify {unknown}
 f - 3 scrolls of immolation {unknown}
 j - a scroll of amnesia {unknown}
 q - 2 scrolls of teleportation {unknown}
 s - a scroll of noise {unknown}
Potions
 g - 2 potions of heal wounds {unknown}
 i - a potion of cancellation {unknown}
 m - 2 potions of mutation {unknown}
 o - a potion of attraction {unknown}
 p - a potion of curing {unknown}
 t - a potion of degeneration {unknown}
Miscellaneous
 c - a piece from Xom's chessboard (15/15) (quivered)


   Skills:
 - Level 3.0 Fighting
 + Level 4.3 Long Blades
 - Level 1.0 Armour
 + Level 4.6 Dodging


You had one spell level left.
You knew the following spells:

 Your Spells              Type           Power      Damage    Failure   Level
a - Summon Small Mammal   Summ           0%         N/A       38%         1
b - Searing Ray           Conj           0%         2d4       52%         2
Your spell library was empty.

Dungeon Overview and Level Annotations

Branches:
Dungeon (4/15)
 Temple: D:4-7

Altars:
Okawaru
Wu Jian


Innate Abilities, Weirdness & Mutations

You are immune to sickness and miasma.
You are immune to poison.
Your flesh is very heat resistant. (rF++)
You are vulnerable to cold. (rC-)
You float through the air rather than walking.
You learn spells naturally, not from books.
Your magical power is your life essence.
You have superior vitality. (+4 MHP)


Message History

Ye take 1 damage, an' haf 28/40 hp.
Ye closely miss tha necrophage.
Tha necrophage misses ye.
Ye hit tha necrophage but do nay damage.
Tha necrophage hits ye but does nay damage.
Ye hit tha necrophage but do nay damage.
Tha necrophage closely misses ye.
Ye slash tha necrophage!
Tha necrophage flickers an' vanishes!
Deactivatin' autopickup; reactivate wit' Ctrl-A.
Somethin' hits ye.
Ye take 2 damage, an' haf 27/40 hp.
Ye miss somethin'.
Somethin' hits ye.
Ye take 3 damage, an' haf 24/40 hp.
Ye miss somethin'.
Somethin' barely misses ye.
Ye closely miss somethin'.
Somethin' hits ye but does nay damage.
Somethin' hits ye.
Ye take 5 damage, an' haf 19/40 hp.
Ye miss somethin'.
Somethin' hits ye.
Ye take 4 damage, an' haf 15/40 hp.
Ye closely miss somethin'.
Somethin' hits ye but does nay damage.
Ye miss somethin'.
Somethin' completely misses ye.
Ye barely miss somethin'.
Somethin' barely misses ye.
Ye hit somethin'.
Lightnin' courses through somethin'!
Somethin' hits ye.
Ye take 1 damage, an' haf 14/40 hp.
Ye hit somethin' but do nay damage.
Somethin' hits ye.
Ye take 1 damage, an' haf 13/40 hp.
Ye closely miss somethin'.
Somethin' hits ye but does nay damage.
Ye miss somethin'.
Somethin' hits ye but does nay damage.
Ye hit somethin' but do nay damage.
Somethin' hits ye.
Ye take 1 damage, an' haf 13/40 hp.
Ye miss somethin'.
Somethin' hits ye.
* * * LOW HITPOINT WARNIN'
* * * Ye take 3 damage, an' haf 10/40 hp.
Ye miss somethin'.
Somethin' hits ye.
* * * LOW HITPOINT WARNIN'
* * * Ye take 1 damage, an' haf 9/40 hp.
Ye barely miss somethin'.
Somethin' hits ye.
* * * LOW HITPOINT WARNIN'
* * * Somethin' hits ye.
Ye die... "'tis toy be brok'n."

#.......##.#.#...............#
#.......+........).....).....#
#.......##.#.#...............#
#.......##.#.#...............#
#.......##................[..#
##.......##....###.###........#
........>'..##.#.....#........#
.#.......##.##.#.....#.########
.#....._.##.....@{.....#
..........#.#..#.†...#.#
.._..8....#.##.#.....#.#
..........#.##.###.###.#
##..........##.........#
#..._.....#############
###......## ##...### #####


There were no monsters in sight!

Vanquished Creatures
  An iguana (D:3)
  An orc wizard (D:3)
  5 adders
  3 worms
  A dart slug (D:2)
  5 orcs (D:3)
  9 endoplasms
  A giant cockroach (D:1)
  10 goblins
  6 hobgoblins
  3 jackals (D:1)
  3 kobolds
  5 ball pythons
  4 bats
  6 frilled lizards
  4 rats (D:1)
67 creatures vanquished.

Notes
Turn   | Place    | Note
-------+----------+-------------------------------------------
     0 | D:1      | ProzacElf the Djinni Chaos Knight began the quest for the
                  | Orb.
     0 | D:1      | Reached XP level 1. HP: 20/20 MP: 0/0
    20 | D:1      | XOM: silly message
    85 | D:1      | XOM: divination: detect creatures
    97 | D:1      | XOM: divination: detect creatures
   137 | D:1      | Reached XP level 2. HP: 25/25 MP: 0/0
   169 | D:1      | XOM: divination: magic mapping
   479 | D:1      | Reached XP level 3. HP: 30/30 MP: 0/0
   479 | D:1      | Learned a level 1 spell: Summon Small Mammal
   540 | D:1      | XOM: silly message
   992 | D:1      | XOM: silly message
  1235 | D:2      | XOM: potion effect (curing)
  1420 | D:2      | XOM: divination: magic mapping
  1424 | D:2      | Reached XP level 4. HP: 35/35 MP: 0/0
  1582 | D:2      | XOM: divination: detect creatures
  2304 | D:3      | XOM: blink monster(s)
  2358 | D:3      | Found an iron altar of Okawaru.
  2359 | D:3      | Found an ornate altar of the Wu Jian Council.
  2401 | D:3      | XOM: noise
  2603 | D:3      | XOM: 8-stop teleportation journey
  2953 | D:3      | Reached XP level 5. HP: 34/40 MP: 0/0
  2953 | D:3      | Learned a level 2 spell: Searing Ray
  3204 | D:3      | XOM: blink monster(s)
  3538 | D:3      | Slain by a necrophage

Illustrated notes

Levels and vault maps discovered:
D:1:      matt_arrival_spirals, layout_basic, minivault_19,
          minmay_strange_pillars, minmay_3d_cube
D:2:      layout_basic
D:3:      kb_forest_paths, layout_basic, grunt_temple_overflow_open, st_stairs_3
D:4:      layout_gridville, nicolae_elevator_lobby_asterisk, uniq_menkaure

Skill      XL: |  1  2  3  4  5 |
---------------+----------------+-----
Long Blades    | 3 4 |  4.3
Dodging        | 3 4 |  4.6
Fighting       | |  3.0
Armour         | |  1.0

Action                   |  1- 3 |  4- 6 || total
-------------------------+-------+-------++-------
Melee: Falchion          |    98 |   132 ||   230
       Punch             |     2 |     2 ||     4
       Dagger            |       |    16 ||    16
 Stab: Sleeping          |       |     3 ||     3
Armor: Leather armour    |    21 |    33 ||    54
       Ring mail         |    19 |    12 ||    31
Dodge: Dodged            |    60 |   101 ||   161
